 Dungeon Crawl Stone Soup version 0.31-a0-188-g5e087ee2ca (webtiles) character file.

Game seed: 7452291964214827582

1344 qw the Skirmisher (level 8, -1/46 HPs)
             Began as a Deep Elf Hunter on June 23, 2023.
             Slain by a steam dragon (5 damage)
             ... on level 6 of the Dungeon.
             The game lasted 00:01:32 (4900 turns).

qw the Skirmisher (Deep Elf Hunter)                 Turns: 4900, Time: 00:01:33

Health: -1/46      AC:  8    Str: 10    XL:     8   Next: 36%
Magic:  10/10      EV: 12    Int: 15    God:
Gold:   188        SH:  0    Dex: 16    Spells: 7/7 levels left

rFire   . . .        e - +0 orcbow
rCold   . . .        (shield currently unavailable)
rNeg    . . .        i - +0 ring mail
rPois   .            (no helmet)
rElec   .            (no cloak)
rCorr   .            a - +2 pair of gloves {hurl}
SInv    .            (no boots)
Will    .....        (no amulet)
Stlth   +            (no ring)
HPRegen 0.27/turn    (no ring)
MPRegen 0.12/turn

%: no passive effects
@: about to teleport
A: clumsy 1, sturdy frame 1
a: no special abilities


You were on level 6 of the Dungeon.
You visited 1 branch of the dungeon, and saw 6 of its levels.

You collected 188 gold pieces.


Innate Abilities, Weirdness & Mutations

You are clumsy. (Dex -2)
Your movements are slightly less encumbered by armour. (ER -2)


   Skills:
 - Level 3.0 Fighting
 + Level 12.8 Ranged Weapons
 - Level 2.1 Armour
 - Level 3.3 Dodging
 - Level 1.2 Stealth


You had 7 spell levels left.
You didn't know any spells.
Your spell library was empty.

Inventory:

Hand Weapons
 e - a +0 orcbow (weapon)
Armour
 a - a +2 pair of gloves of hurling (worn)
 i - a +0 ring mail (worn)
Scrolls
 b - a scroll of identify
 h - a scroll of teleportation
Potions
 c - a potion of enlightenment
 d - a potion of heal wounds
 f - a potion of mutation

Dungeon Overview and Level Annotations

Branches:
Dungeon (6/15)
 Temple: D:4-7

Altars:

Shops:
D:1 :   D:2 [


Message History

The arrow hits the iguana!
The iguana is heavily wounded.
The phantom hits you.
The phantom blinks!
You blink.
You shoot an arrow. The arrow hits the phantom.
The phantom is lightly damaged.
The phantom hits you but does no damage.
You shoot an arrow. The arrow hits the phantom!
The phantom is almost destroyed.
The phantom closely misses you. The steam dragon breathes steam at you.
The ball of steam misses you.
You hear an angry hiss.
You shoot an arrow. The arrow hits the phantom!
You destroy the phantom!
You are engulfed in a cloud of scalding steam.
4893 ||| Stepping ~*~*~tactically~*~*~ (cloud).
You shoot an arrow. The arrow hits the iguana!
You kill the iguana!
You shoot an arrow. The arrow barely misses the ice beast.
You shoot an arrow.
The arrow hits the steam dragon but does no damage.
The centaur shoots an arrow.
The arrow hits you!
You shoot an arrow.
The arrow barely misses the steam dragon.
The arrow hits the ice beast.
The ice beast is moderately wounded.
You shoot an arrow. The arrow hits the steam dragon.
The steam dragon is lightly wounded.
The steam dragon completely misses you. The steam dragon closely misses you.
You shoot an arrow. The arrow closely misses the ice beast.
A komodo dragon comes into view.
The steam dragon misses you. The steam dragon barely misses you.
The ice beast hits you. The ice beast freezes you!
4900 ||| READING 2 scrolls of teleportation.
As you read the scroll of teleportation, it crumbles to dust.
You feel strangely unstable.
The centaur unwields a +0 shortbow.
The centaur barely misses you. The centaur kicks you.
The steam dragon barely misses you. The steam dragon claws you.
You die... ##.....## #.......# #.......# ....... # ..sY. #. c.D

#.########'####
#.l.Y.........#
#..@D.........#
#...c.........#
####+########.#
###..# #....#
##....# #.....#
#..).## #....#


You could see a komodo dragon, a steam dragon, an ice beast and a centaur.

Vanquished Creatures
  A troll (D:5)
  A black bear (D:5)
  An ice beast (D:5)
  An ogre (D:4)
  A centaur (D:5)
  A phantom (D:6)
  A bullfrog (D:6)
  A gnoll sergeant (D:5)
  3 scorpions
  2 hounds
  2 orc priests (D:3)
  3 iguanas
  An orc wizard (D:6)
  4 gnolls (D:5)
  2 adders
  An ufetubus (D:4)
  5 worms
  3 dart slugs
  4 orcs
  7 ball pythons
  5 bats
  10 endoplasms
  4 giant cockroaches
  11 goblins
  3 hobgoblins
  3 jackals (D:5)
  2 quokkas
  6 frilled lizards
  6 kobolds
  9 rats
104 creatures vanquished.

Notes
Turn   | Place    | Note
-------+----------+-------------------------------------------
     0 | D:1      | qw the Deep Elf Hunter began the quest for the Orb.
     0 | D:1      | Reached XP level 1. HP: 12/12 MP: 3/3
     0 | D:1      | 0 ||| qw: Version: 0.3-a-9-g12657ce
     0 | D:1      | 0 ||| qw: Game counter: 4001
     0 | D:1      | 0 ||| qw: Always use a shield: true
     0 | D:1      | 0 ||| qw: God list: Okawaru
     0 | D:1      | 0 ||| qw: Allow faded altars: false
     0 | D:1      | 0 ||| qw: Do Orc after D:15 true
     0 | D:1      | 0 ||| qw: Do second Lair branch before Depths: true
     0 | D:1      | 0 ||| qw: Lair rune preference: random
     0 | D:1      | 0 ||| qw: Plans: Normal
     0 | D:1      | 0 ||| PLANNING D:1-11
    24 | D:1      | Found Videb's Book Shop.
   215 | D:1      | Reached skill level 6 in Ranged Weapons
   215 | D:1      | Reached XP level 2. HP: 16/16 MP: 4/4
   799 | D:1      | 799 ||| UPGRADING to +0 ring mail.
   809 | D:1      | 809 ||| DROPPING +0 leather armour.
   810 | D:1      | 810 ||| READING scroll labelled ONUFRI AMOEH.
   811 | D:1      | 811 ||| READING scroll labelled FEXZOI BIRI.
   812 | D:1      | 812 ||| READING 3 scrolls labelled HOQ JENEPEOH.
   817 | D:1      | 817 ||| READING scroll labelled GENICINT FOINA.
   818 | D:1      | 818 ||| DRINKING 2 bubbling inky potions.
   819 | D:1      | 819 ||| DROPPING scroll of butterflies.
   820 | D:1      | 820 ||| DROPPING potion of invisibility.
   840 | D:2      | 840 ||| STAIRDANCE
   844 | D:1      | HP: 4/16 [poisoned by an adder]
   845 | D:1      | 845 ||| READING 2 scrolls of teleportation.
   953 | D:2      | Reached XP level 3. HP: 20/20 MP: 5/5
  1061 | D:2      | Found Leurghad's Antique Armour Shop.
  1071 | D:2      | 1071 ||| SHOPLISTING +2 pair of slick slippers {slick,
                  | slippery, EV+4} (842 gold, have 41).
  1071 | D:2      | 1071 ||| SHOPLISTING embroidered cloak (165 gold, have 41).
  1071 | D:2      | 1071 ||| SHOPLISTING shiny helmet (165 gold, have 41).
  1161 | D:2      | Reached skill level 7 in Ranged Weapons
  1840 | D:2      | 1840 ||| DROPPING +0 leather armour of cold resistance.
  1841 | D:2      | 1841 ||| READING scroll labelled VELEOTHR UWEVEM.
  1841 | D:2      | Identified a scroll of acquirement
  1841 | D:2      | 1841 ||| ACQUIRING +2 pair of gloves of hurling
  1841 | D:2      | Acquired a +2 pair of gloves of hurling
  1843 | D:2      | 1843 ||| UPGRADING to +2 pair of gloves of hurling.
  1848 | D:2      | 1848 ||| READING 2 scrolls labelled BADOGAZ MIPLU.
  1849 | D:2      | 1849 ||| READING scroll labelled YVAIPR YKITOST.
  1850 | D:2      | 1850 ||| READING scroll labelled VECYAFU ESIZO.
  2010 | D:3      | Reached XP level 4. HP: 25/25 MP: 6/6
  2098 | D:3      | Reached skill level 8 in Ranged Weapons
  2297 | D:3      | 2297 ||| FLEEEEING.
  2298 | D:3      | 2298 ||| FLEEEEING.
  2299 | D:3      | 2299 ||| FLEEEEING.
  2303 | D:3      | 2303 ||| FLEEEEING.
  2304 | D:3      | 2304 ||| FLEEEEING.
  2305 | D:3      | 2305 ||| FLEEEEING.
  2316 | D:3      | 2316 ||| FLEEEEING.
  2317 | D:3      | 2317 ||| FLEEEEING.
  2318 | D:3      | 2318 ||| FLEEEEING.
  2325 | D:3      | Reached XP level 5. HP: 28/29 MP: 7/7
  2688 | D:3      | 2688 ||| DRINKING 2 sedimented cyan potions.
  2689 | D:3      | 2689 ||| DROPPING potion of attraction.
  2906 | D:4      | Reached skill level 9 in Ranged Weapons
  3233 | D:4      | 3233 ||| READING scroll of enchant weapon.
  3233 | D:4      | 3233 ||| ENCHANTING +1 shortbow of draining.
  3383 | D:4      | Reached XP level 6. HP: 23/36 MP: 8/8
  3501 | D:4      | 3501 ||| FLEEEEING.
  3520 | D:4      | Reached skill level 10 in Ranged Weapons
  3942 | D:4      | 3942 ||| READING scroll labelled YWACYA TIKKU.
  3943 | D:4      | 3943 ||| DRINKING 2 amethyst potions.
  3943 | D:4      | Gained mutation: You are clumsy. (Dex -2) [potion of
                  | mutation]
  3943 | D:4      | Gained mutation: Your movements are slightly less
                  | encumbered by armour. (ER -2) [potion of mutation]
  3944 | D:4      | 3944 ||| READING 3 scrolls of identify.
  3944 | D:4      | 3944 ||| IDENTIFYING fuming red potion
  3945 | D:4      | 3945 ||| READING 2 scrolls of identify.
  3945 | D:4      | 3945 ||| IDENTIFYING dark potion
  3978 | D:5      | Entered Level 5 of the Dungeon
  4041 | D:5      | Reached XP level 7. HP: 38/40 MP: 9/9
  4043 | D:5      | Reached skill level 3 in Dodging
  4228 | D:5      | Noticed a troll
  4244 | D:5      | Killed a troll
  4245 | D:5      | Reached skill level 11 in Ranged Weapons
  4374 | D:5      | Reached skill level 12 in Ranged Weapons
  4374 | D:5      | Reached XP level 8. HP: 45/45 MP: 10/10
  4415 | D:5      | 4415 ||| SWAPPING to +0 orcbow.
  4471 | D:5      | 4471 ||| DROPPING +2 shortbow of draining.
  4631 | D:5      | Reached skill level 3 in Fighting
  4815 | D:5      | 4815 ||| READING 2 scrolls of identify.
  4815 | D:5      | 4815 ||| IDENTIFYING murky dark potion
  4816 | D:5      | 4816 ||| DROPPING potion of ambrosia.
  4893 | D:6      | 4893 ||| Stepping ~*~*~tactically~*~*~ (cloud).
  4899 | D:6      | Noticed a komodo dragon
  4899 | D:6      | HP: 7/46 [ice beast (14)]
  4900 | D:6      | 4900 ||| READING 2 scrolls of teleportation.
  4900 | D:6      | Slain by a steam dragon

Levels and vault maps discovered:
D:1:      moated_graveyard_arrival, layout_basic, serial_shops,
          nicolae_shop_hallway_plus, hangedman_decor_riveting, feat_on_display
D:2:      layout_basic, serial_shops, shop
D:3:      layout_loops_ring, kennysheep_generic_room_11
D:4:      layout_layer_cave
D:5:      layout_loops_ring
D:6:      minmay_opposing_rooms, layout_layer_cave, uniq_eustachio, uniq_maggie

Skill      XL: |  1  2  3  4  5  6  7  8 |
---------------+-------------------------+-----
Ranged Weapons | 6 7 8 9 10 12 | 12.8
Fighting       | 2 3 |  3.0
Armour         | 2 |  2.1
Dodging        | 3 |  3.3
Stealth        | |  1.2

Action                     |  1- 3 |  4- 6 |  7- 9 || total
---------------------------+-------+-------+-------++-------
   Fire: Shortbow          |   124 |   125 |    39 ||   288
         Orcbow            |       |       |    53 ||    53
    Use: Scroll            |     9 |     4 |     2 ||    15
         Potion            |     1 |     2 |       ||     3
 Armour: Leather armour    |     6 |       |       ||     6
         Ring mail         |     6 |    15 |    28 ||    49
  Dodge: Dodged            |    18 |    34 |    62 ||   114

Table legend:
 A = Non-vault XP
 B = Vault XP
 C = Vault XP percentage of total XP
 D = Non-vault monster count
 E = Vault monster count
 F = Vault count percentage of total count
                 A         B        C        D         E       F
            +---------+---------+-------+---------+---------+-------
      Total |    1619 |     301 |  15.7 |      99 |       5 |   4.8
            +---------+---------+-------+---------+---------+-------
        D:1 |      38 |       0 |   0.0 |      22 |       0 |   0.0
        D:2 |      52 |       0 |   0.0 |      24 |       0 |   0.0
        D:3 |     166 |       0 |   0.0 |      23 |       0 |   0.0
        D:4 |     365 |       0 |   0.0 |      13 |       0 |   0.0
        D:5 |     998 |       0 |   0.0 |      17 |       0 |   0.0
        D:6 |       0 |     301 | 100.0 |       0 |       5 | 100.0
            +---------+---------+-------+---------+---------+-------
